[Event "*** Titled Tuesday 3|2 Blitz"]
[Site "Chess.com"]
[Date "2016.05.03"]
[Round "5"]
[White "chess960now"]
[Black "BahadirOzen"]
[Result "0-1"]
[WhiteElo "1967"]
[BlackElo "2500"]
[TimeControl "180+2"]
[EndTime "12:02:33 PDT"]
[Termination "BahadirOzen won by checkmate"]

1. d4 d6 2. e4 Nf6 3. Nc3 Nbd7 4. Nf3 e5 5. Be2 Be7 6. h3 c6 7. Be3 b5 8. a3 O-O 9. d5 cxd5 10. Nxd5 Nxd5 11.
Qxd5 Rb8 12. O-O Bb7 13. Qd3 a6 14. b4 Kh8 15. Nd2 f5 16. exf5 d5 17. f4 e4 18.
Qb3 Rf6 19. g4 Rh6 20. Kg2 Bf6 21. g5 Bxa1 22. gxh6 Qf6 23. hxg7+ Qxg7+ 24. Kh2 Rg8 25. Rg1 Qxg1+ 26. Bxg1 d4 27. Qf7 Bc6 28. f6 d3 29. cxd3 Nxf6 30. dxe4 Nxe4 31. Bf3 Nxd2 32. Bxc6 Nf1+ 33. Kh1 Ng3+ 34. Kg2 Ne2+ 35. Kf2 Nxg1 36. Bd5 Nxh3+ 37. Kf3 Rd8 38. Kg4 Nf2+ 39. Kh5 Nd3 40. Kh6 Rd6+ 41. Kh5 Rxd5+ 42. f5 Rd8 43. f6 Rg8 44.
Qd7 Nf4+ 45. Kh4 Bxf6# 0-1

[Event "*** Titled Tuesday 3|2 Blitz"]
[Site "Chess.com"]
[Date "2016.05.03"]
[Round "5"]
[White "Beca95"]
[Black "JusticeBot"]
[Result "1-0"]
[WhiteElo "2570"]
[BlackElo "2546"]
[TimeControl "180+2"]
[EndTime "12:02:36 PDT"]
[Termination "Beca95 won on time"]

1. d4 Nf6 2. c4 e6 3. Nf3 b6 4. g3 Ba6 5. Nbd2 Bb4 6. Qa4 c5 7. dxc5 Bxc5 8. Bg2 Bb7 9. O-O O-O 10. b4 Be7 11. Bb2 Na6 12. a3 Qc8 13. Rac1 Rd8 14. Rfd1 d6 15. Nd4 Bxg2 16. Kxg2 Qb7+ 17. Qc6 Rd7 18.
N2b3 Rc8 19. Qxb7 Rxb7 20. Nb5 Ne8 21. e4 Nb8 22. e5 dxe5 23. Bxe5 a6 24. N5d4 Nd7 25.
Nf3 f6 26. Bf4 e5 27. Be3 Rbc7 28. Rd5 Kf7 29. Rcd1 Nf8 30. Bxb6 Rxc4 31. Bc5 Rc3 32. Bxe7 Kxe7 33. Nc5 Rxa3 34. Nh4 g6 35. f4 exf4 36. gxf4 Ra2+ 37. Kh1 a5 38. b5 Rb2 39. f5 Rxb5 40. fxg6 Rbxc5 41. Re1+ Ne6 42. gxh7 Rxd5 43. h8=Q Nc7 44.
Qg7+ Kd6 45. Qxf6 Kd7 46. Ng6 Rd6 47. Ne5+ Ke8 48. Rg1 1-0

[Event "*** Titled Tuesday 3|2 Blitz"]
[Site "Chess.com"]
[Date "2016.05.03"]
[Round "5"]
[White "jk13"]
[Black "kikydu96"]
[Result "1/2-1/2"]
[WhiteElo "2406"]
[BlackElo "2289"]
[TimeControl "180+2"]
[EndTime "12:02:40 PDT"]
[Termination "Game drawn by repetition"]

1. e4 e5 2. Nf3 Nc6 3. Bc4 Nf6 4. d3 Bc5 5. c3 d6 6. a4 a6 7. O-O h6 8. Na3 Bg4 9. Nc2 O-O 10. Be3 Kh8 11. b4 Ba7 12. Bxa7 Rxa7 13. Ne3 Be6 14. Qb3 Qd7 15. Nh4 Ne7 16. f4 exf4 17. Rxf4 d5 18.
exd5 Nfxd5 19. Nxd5 Nxd5 20. Ng6+ fxg6 21. Rxf8+ Kh7 22. Raf1 b5 23. Bxd5 Bxd5 24. Qc2 bxa4 25. Rb8 Ra8 26. Rxa8 Bxa8 27. Ra1 Bc6 28. h3 Bb5 29. d4 Qd5 30. Kh1 Bd7 31. Kg1 Bb5 32. Re1 Bc6 33. Re5 Qc4 34. h4 Bd7 35. Rc5 Qb3 36. Qe4 Bf5 37. Qe5 Qd1+ 38. Kh2 Qg4 39. Rxc7 Bd7 40. Kg1 a3 41. Rxd7 Qxd7 42. Qa5 Qe6 43.
Qxa3 Qe1+ 44. Kh2 Qxh4+ 45. Kg1 Qe1+ 46. Kh2 Qh4+ 47. Kg1 Qe1+ 48. Kh2 Qh4+ 49. Kg1 Qe1+ 50. Kh2 1/2-1/2

[Event "*** Titled Tuesday 3|2 Blitz"]
[Site "Chess.com"]
[Date "2016.05.03"]
[Round "5"]
[White "GM_Levan_Pantsulaia"]
[Black "maciek_92"]
[Result "1-0"]
[WhiteElo "2527"]
[BlackElo "2573"]
[TimeControl "180+2"]
[EndTime "12:02:47 PDT"]
[Termination "GM_Levan_Pantsulaia won by resignation"]

1. Nf3 Nf6 2. g3 c5 3. Bg2 Nc6 4. c4 g6 5. d4 cxd4 6. Nxd4 Bg7 7. Nc3 O-O 8. O-O Qa5 9. Nb3 Qh5 10. e4 Qxd1 11. Rxd1 d6 12. c5 dxc5 13. Nxc5 Ne5 14. h3 b6 15. Nb3 Rb8 16. f4 Nc4 17. e5 Nd7 18. Nd5 Re8 19. Nd4 Bb7 20. Nb5 Bf8 21.
b3 Na5 22. Nxa7 e6 23. Nc7 Red8 24. Be3 Nc5 25. Nab5 Bxg2 26. Kxg2 Nc6 27. Rac1 Nb4 28. a3 Nc2 29. Bf2 Rxd1 30. Rxd1 Nxb3 31. Nd6 Nc5 32.
Ncb5 Bxd6 33. exd6 Nd7 34. Rc1 Rc8 35. Nd4 Rc3 36. Rxc2 Rxa3 37. Rc8+ Kg7 38. Rc7 Nf6 39. Nxe6+ Kh6 40. Rxf7 Ne4 41. Nf8 Ng5 42. fxg5+ Kxg5 43. d7 Rd3 44. d8=Q+ 1-0

[Event "*** Titled Tuesday 3|2 Blitz"]
[Site "Chess.com"]
[Date "2016.05.03"]
[Round "5"]
[White "rasool78"]
[Black "ChessWarrior7197"]
[Result "0-1"]
[WhiteElo "2179"]
[BlackElo "2480"]
[TimeControl "180+2"]
[EndTime "12:02:50 PDT"]
[Termination "ChessWarrior7197 won by resignation"]

1. e4 c5 2. g3 d6 3. Bg2 g6 4. Ne2 Bg7 5. c3 e6 6. d4 cxd4 7. Nxd4 a6 8. Be3 Ne7 9. Nd2 Nbc6 10. Nc4 d5 11. exd5 exd5 12. Na3 O-O 13. Nac2 Nf5 14. Nxf5 Bxf5 15. O-O Be4 16. Nd4 Bxg2 17. Kxg2 Re8 18. Nf3 Qd7 19. Qd3 Qe6 20. Rad1 Rad8 21. Rfe1 Qc8 22.
Bb6 Rxe1 23. Rxe1 Rd6 24. Bc5 Ne5 25. Nxe5 Qxc5 26. Nf3 Rd8 27. Re2 h5 28. h3 Bf6 29.
Rd2 Kg7 30. a3 Qb6 31. Nd4 Re8 32. Nc2 Rd8 33. Nd4 Qc5 34. Re2 b5 35. f4 Qc4 36.
Qxc4 bxc4 37. Nc6 Rd6 38. Nd4 Rb6 39. Nf3 Kf8 40. g4 hxg4 41. hxg4 Be7 42. Rd2 Bd6 43. Kg3 f6 44. Rxd5 g5 45. Kh3 Bxf4 46. Rd4 Rxb2 47. Rxc4 Rf2 48. Rxf4 gxf4 49. Nd4 Ra2 50. Ne6+ Ke7 51.
Nxf4 Rxa3 52. Kh4 Kd6 53. Nh5 Ke5 54. Ng3 Rxc3 55. Ne2 Re3 56. Nc1 a5 57. Na2 a4 58.
Nb4 a3 59. g5 Re4+ 60. Kh5 Rxb4 61. g6 Rb1 0-1

[Event "*** Titled Tuesday 3|2 Blitz"]
[Site "Chess.com"]
[Date "2016.05.03"]
[Round "5"]
[White "pedromartinez91"]
[Black "GulamaliRises"]
[Result "0-1"]
[WhiteElo "2346"]
[BlackElo "2581"]
[TimeControl "180+2"]
[EndTime "12:03:07 PDT"]
[Termination "GulamaliRises won by resignation"]

1. e4 d6 2. d4 Nf6 3. Nc3 g6 4. Nf3 Bg7 5. h3 O-O 6. Be2 a6 7. a4 b6 8. O-O Bb7 9. Qd3 Nc6 10. d5 Nb4 11. Qd1 c6 12. dxc6 Bxc6 13. Bd3 e5 14. Bg5 h6 15. Bxf6 Qxf6 16. Bc4 Rac8 17. Qe2 Bb7 18.
Rad1 Rc5 19. Nd5 Nxd5 20. Bxd5 Bxd5 21. Rxd5 Rxd5 22. exd5 Ra8 23. c3 Qd8 24. Nd2 f5 25. Qc4 Qc8 26. Ra1 Qb7 27. Qb3 Rc8 28. Rd1 b5 29. c4 b4 30. Qe3 e4 31. b3 Qc7 32.
Nf1 Qc5 33. Qxc5 dxc5 34. g3 Bd4 35. Ne3 Kg7 36. Kg2 Kf6 37. h4 Re8 38. Nc2 Bc3 39. f4 exf3+ 40. Kxf3 g5 41. hxg5+ hxg5 42. g4 fxg4+ 43.
Kxg4 Re2 44. Rf1+ Ke5 45. Rc1 Bd2 46. Rd1 Kd6 47. Kf3 Rh2 48. Kg3 Bf4+ 49. Kg4 Rxc2 50. Kf5 Rc3 51. Rh1 Rxb3 52. Rh6+ Kd7 53. Rh7+ Ke8 54.
Kf6 Re3 55. Rh8+ Kd7 56. Rh7+ Kd6 57. Ra7 g4 58. Rxa6+ Kd7 59. Kf5 Bc7 60. Rc6 g3 61.
Rg6 b3 0-1

[Event "*** Titled Tuesday 3|2 Blitz"]
[Site "Chess.com"]
[Date "2016.05.03"]
[Round "5"]
[White "tac49"]
[Black "flavettes"]
[Result "1-0"]
[WhiteElo "2572"]
[BlackElo "2374"]
[TimeControl "180+2"]
[EndTime "12:03:07 PDT"]
[Termination "tac49 won by resignation"]

1. e4 c5 2. Nf3 Nc6 3. Nc3 g6 4. d4 cxd4 5. Nxd4 Bg7 6. Be3 Nf6 7. Bc4 Qa5 8. O-O O-O 9. Bb3 d6 10. Nd5 Re8 11. Nxf6+ Bxf6 12. c3 Bd7 13. f4 Rac8 14.
Nf3 Qc7 15. Kh1 Na5 16. e5 Nxb3 17. axb3 dxe5 18. fxe5 Bxe5 19. Nxe5 Qxe5 20. Qxd7 Qxe3 21. Qxb7 Rb8 22. Qd5 e6 23. Qd7 Rf8 24. b4 Qe2 25. Qxa7 Qxb2 26. Qe3 Rb7 27. Rab1 Qa2 28. b5 Qc4 29. b6 Rd8 30. Qf3 Rdb8 31. h3 e5 32. Rb4 Qe6 33. Rb5 Rxb6 34. Rxb6 Rxb6 35. Qa8+ Kg7 36. Qd8 Rc6 37. Rf3 e4 38. Qd4+ Kh6 39. Re3 f5 40. Qd8 Qf6 41. Qd2 Qg5 42. h4 Qf4 43. g3 Rd6 44. Qc1 Qe5 45. Rxe4+ 1-0

[Event "*** Titled Tuesday 3|2 Blitz"]
[Site "Chess.com"]
[Date "2016.05.03"]
[Round "5"]
[White "the_drake"]
[Black "Pomoc"]
[Result "1-0"]
[WhiteElo "2209"]
[BlackElo "2088"]
[TimeControl "180+2"]
[EndTime "12:03:10 PDT"]
[Termination "the_drake won by resignation"]

1. e4 c5 2. Nf3 e6 3. c4 Nc6 4. Nc3 a6 5. Be2 Qc7 6. O-O Nf6 7. d4 cxd4 8. Nxd4 Bb4 9. Bg5 Be7 10.
Rc1 Qe5 11. Nf3 Qa5 12. Bd2 O-O 13. Nd5 Qd8 14. Nxe7+ Qxe7 15. Bd3 e5 16. Bc3 d6 17.
Bc2 Bg4 18. h3 Be6 19. b3 Rac8 20. Qd3 g6 21. Rfd1 Rfd8 22. Qe3 b5 23. cxb5 axb5 24. a4 b4 25. Bb2 Na5 26. Rd2 Rc6 27. Bd1 Rxc1 28. Bxc1 Rc8 29. Bb2 Qb7 30. Ng5 Ne8 31.
Nxe6 fxe6 32. Bg4 Qe7 33. Qb6 Nxb3 34. Rd1 Nf6 35. Qxb4 Nxg4 36. hxg4 Nc5 37. a5 Qc7 38. Qb6 Qxb6 39. axb6 Nxe4 40. f3 Nc5 41. Rxd6 Kf7 42. Bxe5 Ke7 43. Rd1 Nb7 44. Ra1 Rc6 45. Bc7 Kd7 46.
Rd1+ Kc8 47. Kh2 Nc5 48. Kg3 Kb7 49. Rd8 Na4 50. Rb8+ Ka6 51. Ra8+ Kb5 52. b7 1-0

[Event "*** Titled Tuesday 3|2 Blitz"]
[Site "Chess.com"]
[Date "2016.05.03"]
[Round "5"]
[White "AvitalBor"]
[Black "PowerThinking2650"]
[Result "0-1"]
[WhiteElo "2348"]
[BlackElo "2185"]
[TimeControl "180+2"]
[EndTime "12:03:36 PDT"]
[Termination "PowerThinking2650 won by resignation"]

1. e4 e5 2. Nf3 Nc6 3. Bb5 a6 4. Ba4 Nf6 5. O-O Be7 6. d3 b5 7. Bb3 O-O 8. Nbd2 Re8 9. Re1 Bf8 10. Ng5 d5 11. exd5 Nd4 12. d6 Nxb3 13. dxc7 Qxc7 14. axb3 Bb7 15. Nde4 Nxe4 16. Nxe4 f5 17. Ng3 g6 18. Bg5 Bc5 19. Be3 Qc6 20. Qf3 Qxf3 21. gxf3 Bb4 22. c3 Bd6 23. Nf1 Bxf3 24. Nd2 Bc6 25. f3 a5 26. Re2 Kf7 27. Bf2 Bc7 28. Bg3 Rad8 29.
d4 f4 30. Bf2 exd4 31. Rxe8 Rxe8 32. Bxd4 Re2 33. Rd1 g5 34. Bf2 h5 35. Kf1 Re6 36. Bc5 g4 37. Ne4 Bxe4 38. fxe4 Be5 39. Rd7+ Kg6 40.
Rd5 Bf6 41. Bd4 Bh4 42. e5 Kf5 43. Rxb5 f3 44. Rxa5 Bg5 45. Ra8 Bf4 46. Rh8 Kg5 47. b4 h4 48. b5 g3 49. hxg3 hxg3 50. b6 Bxe5 51. Rg8+ Kf4 52. b7 Bxd4 53. cxd4 g2+ 54. Rxg2 fxg2+ 55. Kxg2 Re2+ 0-1

[Event "*** Titled Tuesday 3|2 Blitz"]
[Site "Chess.com"]
[Date "2016.05.03"]
[Round "5"]
[White "BartoszSocko"]
[Black "underdogchss"]
[Result "1-0"]
[WhiteElo "2671"]
[BlackElo "2359"]
[TimeControl "180+2"]
[EndTime "12:03:38 PDT"]
[Termination "BartoszSocko won by resignation"]

1. e4 d6 2. d4 Nf6 3. Nc3 g6 4.
Nge2 Bg7 5. h3 c6 6. a4 a5 7. Be3 Nbd7 8. g4 Nb6 9. Ng3 h5 10.
g5 Nfd7 11. h4 e6 12. Bd3 d5 13. e5 Nxe5 14. dxe5 d4 15. Bxg6 fxg6 16. Qxd4 Qxd4 17. Bxd4 Nc4 18. Nce4 Bxe5 19. O-O-O Bf4+ 20. Kb1 e5 21. Bc5 b6 22. Bd6 Bg4 23. Rd3 O-O-O 24. Rc3 Nxd6 25.
Rxc6+ Kb7 26. Rxd6 Bf3 27. Re1 Rxd6 28. Nxd6+ Kc6 29. Nc4 Re8 30. b3 e4 31. Ne3 Rd8 32. Nc4 Re8 33. Kb2 Kc5 34. c3 Kc6 35. Kc2 Kc5 36.
Ne3 Rd8 37. Ne2 Be5 38. Nc4 Bg7 39. Nf4 Kc6 40. Ne6 Rd7 41. Nxg7 Rxg7 42. Ne5+ Kd5 43.
Nxf3 exf3 44. Kd3 Rc7 45. c4+ Kd6 46. Re3 Rf7 47. Kd4 Rf4+ 48. Re4 Rg4 49. Rxg4 hxg4 50. Ke4 Kc5 51. Kf4 Kb4 52. h5 gxh5 53. g6 Kxb3 54.
g7 Kxa4 55. g8=Q Kb4 56. Qd5 Kc3 57. c5 1-0

[Event "*** Titled Tuesday 3|2 Blitz"]
[Site "Chess.com"]
[Date "2016.05.03"]
[Round "5"]
[White "eugeniusjr"]
[Black "Zhani-Z"]
[Result "0-1"]
[WhiteElo "1889"]
[BlackElo "2172"]
[TimeControl "180+2"]
[EndTime "12:03:57 PDT"]
[Termination "Zhani-Z won by resignation"]

1. c4 c5 2. g3 g6 3. Bg2 Bg7 4. Nf3 Nc6 5. Nc3 e5 6. d3 Nge7 7. a3 d6 8. Rb1 a5 9. O-O O-O 10. Bd2 Rb8 11. Nb5 d5 12. b4 axb4 13. axb4 cxb4 14. Bxb4 Nxb4 15. Rxb4 Nc6 16. Ra4 dxc4 17. Rxc4 Be6 18. Rc1 Bd5 19. Rb1 e4 20. Ne1 Qe7 21.
d4 Rfd8 22. Nc2 Bc4 23. Re1 Bxb5 24. Rxb5 Nxd4 25. Nxd4 Bxd4 26. Qb1 e3 27. f4 b6 28. Bf3 Bc5 29. Kg2 Rd2 30. Qb3 Rbd8 31. h4 Qf6 32. h5 g5 33. fxg5 Qxg5 34. Ra1 Qf6 35. Rf1 Qg5 36.
Qb1 R8d6 37. Qa1 Rf6 38. Qa8+ Kg7 39. Qe4 h6 40. Rh1 Re6 41. Qc4 Rf6 42. Rh4 Kf8 43.
Rg4 Qf5 44. Rf4 Qg5 45. Rxf6 Qxf6 46. Qg4 Qe6 47. Qxe6 fxe6 48. Rb1 Ke7 49. Rb3 e5 50. Rd3 e4 51. Bxe4 Rxe2+ 52. Kh3 Rf2 53. Bf5 e2 54.
Bg4 e1=Q 55. Rd7+ Ke8 0-1

[Event "*** Titled Tuesday 3|2 Blitz"]
[Site "Chess.com"]
[Date "2016.05.03"]
[Round "5"]
[White "jsdbv"]
[Black "AdrianaNikolova"]
[Result "0-1"]
[WhiteElo "2315"]
[BlackElo "2251"]
[TimeControl "180+2"]
[EndTime "12:04:39 PDT"]
[Termination "AdrianaNikolova won by resignation"]

1. e4 c5 2. Nf3 Nc6 3. d4 cxd4 4. Nxd4 Nf6 5. Nc3 d6 6. Bg5 e6 7.
Qd2 a6 8. Nxc6 bxc6 9. O-O-O h6 10. Bh4 Be7 11. Bxf6 gxf6 12. Kb1 d5 13. Be2 Qa5 14. exd5 cxd5 15. Qf4 Bd7 16. Rhe1 Qb4 17. Rd4 Qd6 18.
Qe3 Rb8 19. b3 Qa3 20. Bg4 Rd8 21. f4 h5 22. Bh3 Bc6 23. Qd3 f5 24. Bxf5 exf5 25.
b4 Rd7 26. Qxf5 Qxc3 27. Rxe7+ Kxe7 28. Qe5+ Kd8 29. Qb8+ Ke7 30. Qe5+ Kd8 31. Qb8+ Ke7 32. Qe5+ Kd8 33. Qxh8+ Kc7 34. Qe5+ Kb7 35. Rd3 Qxe5 36. fxe5 Re7 37. Rf3 Rxe5 38. Rxf7+ Kb6 39. Rf6 Re2 40. h3 Rxg2 41. Rh6 Kc7 42. Rxh5 d4 43. Rh7+ Kb6 44. Rh6 Kc7 45. Rh7+ Kd6 46. Rh6+ Kd5 47. Kb2 Bb5 48. Rh5+ Ke4 49. Kb3 Rg3+ 50. Kb2 Bc4 51. Rh4+ Ke3 52. Rh6 Rg2 53. Rc6 Bd5 54. Rc5 Be4 55. h4 d3 56. a4 dxc2 57. b5 axb5 58. axb5 Rg1 59. Rxc2 Bxc2 60. Kxc2 Kd4 61. b6 Rg7 62. h5 Rb7 63. h6 Rxb6 64. h7 Rh6 0-1

[Event "*** Titled Tuesday 3|2 Blitz"]
[Site "Chess.com"]
[Date "2016.05.03"]
[Round "5"]
[White "Bentery"]
[Black "norwaytoadog"]
[Result "1/2-1/2"]
[WhiteElo "2357"]
[BlackElo "2040"]
[TimeControl "180+2"]
[EndTime "12:04:51 PDT"]
[Termination "Game drawn by repetition"]

1. Nf3 Nc6 2. d4 d5 3. Bf4 Bg4 4. e3 e6 5. c4 Bb4+ 6. Nc3 Nf6 7. Rc1 Ne4 8. Bd3 O-O 9. O-O Bxc3 10. bxc3 Nd6 11. cxd5 exd5 12. h3 Bh5 13. Be2 Na5 14.
Rb1 b6 15. Ne5 Bxe2 16. Qxe2 Nac4 17. Rfd1 f6 18. Nc6 Qd7 19. Nb4 Ne4 20. Rbc1 a5 21. Nd3 Rfe8 22. Nb2 b5 23. Nd3 c6 24.
Re1 Re7 25. f3 Ng5 26. Nc5 Qf5 27. h4 Ne6 28. Nxe6 Rxe6 29. g4 Qg6 30. h5 Qf7 31.
Kf2 Rae8 32. Qd3 Qd7 33. Rg1 Kh8 34. Rce1 b4 35. cxb4 axb4 36. Re2 Ra8 37. g5 Ra3 38. Qb1 Qe7 39. gxf6 gxf6 40. Qf5 Nxe3 41. Bxe3 Raxe3 42. Rxe3 Rxe3 43. Qc8+ Qe8 44. Qxe8+ Rxe8 45. h6 Rg8 46. Rc1 Rg6 47. Rxc6 Rxh6 48. Kg3 Rh1 49. Rxf6 Ra1 50.
Rb6 Rxa2 51. Rxb4 Rd2 52. Kf4 Kg7 53. Ke5 Rd3 54. f4 h5 55. Kxd5 h4 56. Rb2 h3 57.
Ke4 Rc3 58. Rh2 Kf6 59. Rh1 Rb3 60. Ra1 Rg3 61. Ra6+ Kg7 62. Ra7+ Kg6 63. Ra6+ Kg7 64. Ra1 h2 65. Rh1 Rg2 66. Kf3 Rd2 67. Ke3 Rc2 68. Kd3 Rf2 69. Ke4 Rd2 70. d5 Kf6 71. Ra1 Rg2 72.
Ra6+ Kg7 73. Ra7+ Kg6 74. Ra6+ Kg7 75. Ra7+ Kg6 76. Ra6+ Kg7 1/2-1/2

[Event "*** Titled Tuesday 3|2 Blitz"]
[Site "Chess.com"]
[Date "2016.05.03"]
[Round "5"]
[White "cool64chess"]
[Black "Hikaru"]
[Result "0-1"]
[WhiteElo "2216"]
[BlackElo "2858"]
[TimeControl "180+2"]
[EndTime "12:05:38 PDT"]
[Termination "Hikaru won by resignation"]

1. d4 b6 2. Nf3 Bb7 3. Nbd2 Nf6 4.
g3 g6 5. Bg2 Bg7 6. O-O O-O 7. b3 c5 8. Bb2 Qc7 9. dxc5 bxc5 10.
c3 d5 11. Qc2 e5 12. e3 Nc6 13.
Rfd1 Rad8 14. a3 Rfe8 15. e4 Nxe4 16. Nxe4 dxe4 17. Qxe4 Nd4 18. Qe3 Nc2 19. Qe2 Nxa1 20. Rxa1 e4 21. Nd2 f5 22. Nc4 Bd5 23. Ne3 Bf7 24.
c4 Bd4 25. Rd1 Qe5 26. Bxd4 cxd4 27. Nf1 d3 28. Qe3 Qd4 29. Nd2 Qxe3 30. fxe3 a5 31.
a4 h5 32. Kf2 Kg7 33. Rc1 Rb8 34. Rc3 Kf6 35. Ke1 Ke7 36. Kd1 Kd6 37. Kc1 Kc5 38. Kb2 Be6 39. Rc1 Bd7 40. Kc3 Rb4 41. Ra1 Bc6 42. Ra3 Rb7 43. Ra1 Rh7 44. h4 Rb7 45. Bh1 Rg8 46. Rf1 Kd6 47. Bg2 Ke5 48.
Bh3 Bd7 49. Rb1 Be6 50. Bf1 Rbb8 51. b4 axb4+ 52. Rxb4 Rxb4 53. Kxb4 Rb8+ 54. Kc3 Bd7 55. a5 Kd6 56. Nb3 Rxb3+ 57. Kxb3 Kc5 58. Kc3 Bc8 59. Bh3 Ba6 60. Bg2 Bxc4 61. Bh3 Ba6 62. Bg2 Kb5 63. Bf1 Kxa5 64. Bg2 Ka4 65. Bh3 Ka3 66. Bg2 Ka2 67. Bh3 Ka3 68. Bg2 Ka4 69. Bh3 Kb5 70. Bf1 Kc5 71.
Bh3 Kd5 72. Bg2 Ke5 73. Bh3 Bc8 74. Kd2 Kf6 75. Kc3 Be6 76. Bf1 g5 77. Bg2 gxh4 78.
gxh4 Ke5 79. Bh3 Bd5 80. Kd2 Bf7 81. Bf1 Bg6 82. Bh3 f4 83. Bf1 f3 84. Bh3 f2 85.
Bg2 Bf5 86. Bf1 Bg4 87. Bg2 Be2 0-1

[Event "*** Titled Tuesday 3|2 Blitz"]
[Site "Chess.com"]
[Date "2016.05.03"]
[Round "5"]
[White "HansCoolNiemann"]
[Black "Philofive"]
[Result "1/2-1/2"]
[WhiteElo "2260"]
[BlackElo "2356"]
[TimeControl "180+2"]
[EndTime "12:06:33 PDT"]
[Termination "Game drawn - insufficient material"]

1. d4 Nf6 2. c4 g6 3. Nc3 Bg7 4.
e4 d6 5. Nf3 O-O 6. Be2 e5 7.
dxe5 dxe5 8. Qxd8 Rxd8 9. Bg5 Re8 10. O-O-O Bg4 11. Ng1 Be6 12. Nf3 Bg4 13. Ng1 Bxe2 14. Ngxe2 h6 15. Bh4 c6 16. f3 Nbd7 17. Rd6 g5 18. Bf2 Bf8 19. Rd2 Bc5 20. Bxc5 Nxc5 21. Rhd1 Ne6 22. b4 Nh5 23. g3 Nf6 24. h3 Kf8 25.
Kb2 Ke7 26. g4 h5 27. Ng3 Ng7 28. Nce2 h4 29. Nf1 Red8 30. Ne3 Rxd2+ 31. Rxd2 Nd7 32.
Nc3 Nf8 33. b5 Nfe6 34. Ne2 Rc8 35. a4 Nf4 36. Nxf4 exf4 37. Nc2 Ne6 38. Nb4 Nc5 39. Ka3 Ke6 40. a5 a6 41. bxa6 Nxa6 42. Nxa6 bxa6 43. Kb4 c5+ 44. Kc3 f6 45. Rd5 Rc7 46. Rf5 Rc6 47. Kd3 Rd6+ 48. Rd5 Rc6 49. e5 fxe5 50. Ke4 Kf6 51. Kd3 Ke6 52. Ke4 Kf6 53. Rd8 Ke6 54. Rb8 Kd6 55. Re8 Rc7 56. Rxe5 Rb7 57. Rxg5 Rb4 58.
Rg6+ Ke7 59. Kd5 Rb3 60. Rxa6 Rxf3 61. Rb6 Rxh3 62. Ke4 Ra3 63. Kxf4 Rxa5 64. Rb3 Ra4 65. Re3+ Kf6 66. Re4 h3 67. Kg3 Ra3+ 68. Kh2 Rc3 69. Rf4+ Kg5 70. Rf5+ Kxg4 71. Rxc5 Rc2+ 72. Kh1 Kg3 73. Rg5+ Kh4 74. Rc5 Kg4 75. Rc8 Kg3 76.
Rg8+ Kh4 77. Rh8+ Kg3 78. Rg8+ Kh4 79. Rc8 Rc1+ 80. Kh2 Rc2+ 81. Kg1 Kg3 82. Rg8+ Kf3 83. Rf8+ Kg3 84. Rg8+ Kf3 85. Kh1 Rxc4 86. Kh2 Rc6 87.
Rg3+ Kf2 88. Rxh3 Rg6 89. Rh5 Rf6 90. Kh3 Rf4 91. Ra5 Rf3+ 92. Kg4 Rg3+ 93. Kf4 Rf3+ 94. Ke4 Re3+ 95. Kd4 Re2 96. Rf5+ Kg3 97. Rf8 Rd2+ 98.
Ke3 Ra2 99. Rg8+ Kh4 100. Rg1 Ra3+ 101. Ke4 Ra4+ 102. Kf5 Ra5+ 103. Ke6 Ra6+ 104. Kd5 Ra5+ 105. Ke4 Ra4+ 106. Kd3 Ra3+ 107. Kc4 Rf3 108. Re1 Rf4+ 109. Kd5 Ra4 110. Re8 Ra5+ 111. Kd4 Ra4+ 112. Ke3 Ra3+ 113. Kf4 Ra4+ 114. Re4 Rxe4+ 115. Kxe4 1/2-1/2

[Event "*** Titled Tuesday 3|2 Blitz"]
[Site "Chess.com"]
[Date "2016.05.03"]
[Round "6"]
[White "SabinaFoisor"]
[Black "Saitama_Hero"]
[Result "1-0"]
[WhiteElo "2216"]
[BlackElo "2133"]
[TimeControl "180+2"]
[EndTime "12:09:59 PDT"]
[Termination "SabinaFoisor won by resignation"]

1. d4 Nf6 2. c4 g6 3. Nc3 d5 4. cxd5 Nxd5 5. Bd2 Bg7 6. e4 Nb6 7. Be3 c5 8. d5 O-O 9. Nf3 Bg4 10. Be2 N8d7 11.
O-O Bxf3 12. Bxf3 Nc4 13. Bc1 Nd6 14. Qc2 b5 15. a4 b4 16. Nb5 Qa5 17. Nxd6 exd6 18.
Be2 Rfe8 19. Rb1 Rac8 20. Bb5 Re7 21. Bg5 Bf6 22. Bxd7 1-0

[Event "*** Titled Tuesday 3|2 Blitz"]
[Site "Chess.com"]
[Date "2016.05.03"]
[Round "6"]
[White "Badouuu"]
[Black "sandropozo"]
[Result "0-1"]
[WhiteElo "1998"]
[BlackElo "2275"]
[TimeControl "180+2"]
[EndTime "12:10:09 PDT"]
[Termination "sandropozo won by checkmate"]

1. e4 e6 2. d4 d5 3. Nd2 Be7 4. Bd3 c5 5. exd5 exd5 6. dxc5 Bxc5 7. Qe2+ Ne7 8. Ngf3 O-O 9. O-O Nbc6 10. h3 Re8 11.
Nb3 Ng6 12. Qd1 Bb6 13. Bg5 Qd6 14. Qd2 Bxh3 15. gxh3 Qg3+ 16. Kh1 Qxf3+ 17. Kh2 Bc7+ 18. Kg1 Qxh3 19. f4 Bb6+ 20. Rf2 Re3 21. Rg2 Re1# 0-1

[Event "*** Titled Tuesday 3|2 Blitz"]
[Site "Chess.com"]
[Date "2016.05.03"]
[Round "6"]
[White "Kawhi_Leonard2"]
[Black "BahadirOzen"]
[Result "1/2-1/2"]
[WhiteElo "2076"]
[BlackElo "2493"]
[TimeControl "180+2"]
[EndTime "12:10:28 PDT"]
[Termination "Game drawn by agreement"]

1. e4 d6 2. d4 Nf6 3. Nc3 Nbd7 4. Nf3 e5 5. Bc4 Be7 6. O-O O-O 7. a4 a5 8. b3 c6 9. Ba3 Qc7 10. Qd2 exd4 11. Nxd4 Nb6 12. Be2 d5 13. Bxe7 Qxe7 14. exd5 Nbxd5 15. Nxd5 Nxd5 16. Bf3 Rd8 17. Rfe1 Qf6 1/2-1/2

[Event "*** Titled Tuesday 3|2 Blitz"]
[Site "Chess.com"]
[Date "2016.05.03"]
[Round "6"]
[White "Grootneus"]
[Black "Wolverine_master"]
[Result "1-0"]
[WhiteElo "2045"]
[BlackElo "2008"]
[TimeControl "180+2"]
[EndTime "12:10:54 PDT"]
[Termination "Grootneus won by checkmate"]

1. e4 d5 2. exd5 Qxd5 3. Nc3 Qd6 4. d4 Nf6 5. Nf3 a6 6. Be2 Nc6 7. O-O Bg4 8. Be3 O-O-O 9. h3 Bh5 10. Qd2 e5 11. d5 Nb4 12. Ng5 Bg6 13. Rad1 Nbxd5 14. Nxd5 Qxd5 15. Qc3 Qc6 16. Qxc6 bxc6 17. Bxa6+ Kb8 18. Rxd8# 1-0

[Event "*** Titled Tuesday 3|2 Blitz"]
[Site "Chess.com"]
[Date "2016.05.03"]
[Round "6"]
[White "UltimateCrusher2"]
[Black "Iwannabetheguy"]
[Result "1-0"]
[WhiteElo "2093"]
[BlackElo "1999"]
[TimeControl "180+2"]
[EndTime "12:11:22 PDT"]
[Termination "UltimateCrusher2 won by resignation"]

1. b3 e5 2. Bb2 d6 3. e4 Nf6 4. Nc3 Be7 5. Nf3 O-O 6. d4 exd4 7. Nxd4 Nbd7 8. Qd2 Nc5 9. f3 d5 10. e5 Nfd7 11. f4 c6 12. O-O-O a5 13. a4 b5 14.
Nxc6 Qe8 15. Nxe7+ Qxe7 16. Nxd5 Qd8 17. Bxb5 Nb6 18.
Nxb6 Qxb6 19. Qd6 Qa7 20. Bd4 Nxb3+ 21. cxb3 Qb7 22. Qc6 Qe7 23. Bc5 Qh4 24. Bxf8 Qxf4+ 25. Kb1 Bf5+ 26. Bd3 Rc8 27. Qf3 Qb4 28. Bxb4 1-0

[Event "*** Titled Tuesday 3|2 Blitz"]
[Site "Chess.com"]
[Date "2016.05.03"]
[Round "6"]
[White "evgenyermolaev"]
[Black "cool64chess"]
[Result "1-0"]
[WhiteElo "2296"]
[BlackElo "2210"]
[TimeControl "180+2"]
[EndTime "12:11:35 PDT"]
[Termination "evgenyermolaev won by resignation"]

1. e4 e6 2. Nc3 d5 3. Nf3 Nf6 4. e5 Nfd7 5. d4 c5 6. dxc5 Nc6 7. Bf4 Bxc5 8. Bd3 Be7 9. Qe2 Nc5 10. O-O-O Nxd3+ 11. Qxd3 O-O 12. h4 f5 13. exf6 Bxf6 14.
Ng5 g6 15. Nxh7 Bxc3 16. Qxg6+ Bg7 17. Bg5 Qe8 18. Nf6+ Rxf6 19. Qxe8+ Rf8 20. Qg6 e5 21. g4 1-0

[Event "*** Titled Tuesday 3|2 Blitz"]
[Site "Chess.com"]
[Date "2016.05.03"]
[Round "6"]
[White "exoticprincess"]
[Black "ShimanovAlex"]
[Result "1/2-1/2"]
[WhiteElo "2792"]
[BlackElo "2656"]
[TimeControl "180+2"]
[EndTime "12:11:40 PDT"]
[Termination "Game drawn by repetition"]

1. b3 Nf6 2. Bb2 g6 3. e3 Bg7 4. Nc3 O-O 5. d4 d6 6. Qd2 c5 7. O-O-O cxd4 8. exd4 Nc6 9. f3 e5 10. dxe5 dxe5 11. Qxd8 Rxd8 12. Rxd8+ Nxd8 13. Bc4 Be6 14. Bxe6 Nxe6 15. Nge2 Rd8 16. Rd1 Bh6+ 17. Kb1 Rxd1+ 18. Nxd1 Nd7 19. c4 f5 20. Ndc3 Nc7 21. Bc1 Bxc1 22.
Kxc1 Kf7 23. Kd2 Ke6 24. b4 Nf6 25. Kd3 g5 26. a4 h5 27. Nb5 Nxb5 28. axb5 h4 29.
Nc3 g4 30. Ke2 g3 31. hxg3 hxg3 32. Kd3 Nh5 33. Nd5 Kd6 34. Ke3 Ng7 35. Nc3 Nh5 36. Nd5 Ng7 37. Nc3 Nh5 38. Nd5 1/2-1/2

[Event "*** Titled Tuesday 3|2 Blitz"]
[Site "Chess.com"]
[Date "2016.05.03"]
[Round "6"]
[White "CraiggoryC"]
[Black "norwaytoadog"]
[Result "0-1"]
[WhiteElo "2083"]
[BlackElo "2050"]
[TimeControl "180+2"]
[EndTime "12:12:13 PDT"]
[Termination "norwaytoadog won by resignation"]

1. e4 e5 2. d4 exd4 3. Nf3 Nc6 4. c3 dxc3 5. Nxc3 Bb4 6. Bc4 d6 7. Qb3 Bxc3+ 8. Qxc3 Qf6 9. Qb3 h6 10. O-O Nge7 11. Bd2 O-O 12. Bc3 Qg6 13. Rfe1 Be6 14. Bxe6 fxe6 15. Qxb7 Rab8 16. Qxc7 Rxf3 17. Qxd6 Rff8 18.
Re3 Rbd8 19. Qa3 e5 20. Rg3 Qh5 21. Bb4 Rd1+ 22. Be1 Rxa1 0-1